 Dungeon Sprint DCSS version 0.21.1-1-g345015f (webtiles) character file.

1369 Fang the Cleaver (level 8, -5/88 HPs)
             Began as a Minotaur Berserker on Apr 23, 2018.
             Was a High Priest of Trog.
             Slain by an orc warrior
             ... wielding a +0 flail
              (15 damage)
             ... in the Dungeon (Sprint III: "The Ten Rune Challenge").
             The game lasted 00:01:45 (1033 turns).

Fang the Cleaver (Minotaur Berserker)               Turns: 1033, Time: 00:01:46

Health: -5/88      AC:  2    Str: 25    XL:     8   Next: 38%
Magic:  7/7        EV: 15    Int:  4    God:    Trog [*****.]
Gold:   17         SH:  0    Dex:  9    Spells: 7/7 levels left

rFire    . . .     SeeInvis .   a - +0 hand axe
rCold    . . .     Gourm    .   (no shield)
rNeg     . . .     Faith    .   b - +0 animal skin
rPois    .         Spirit   .   (helmet restricted)
rElec    .         Reflect  .   (no cloak)
rCorr    .         Harm     .   (no gloves)
MR       .....     NoTele   +   (no boots)
Stlth    +.........             (no amulet)
HPRegen  0.24/turn              (no ring)
MPRegen  0.10/turn              (no ring)

@: lethally poisoned (-5 -> -7), berserk cooldown, slowed, very slow
A: retaliatory headbutt, horns 2
a: Berserk, Trog's Hand, Brothers in Arms, Burn Spellbooks, Renounce Religion


You were in the Dungeon.
You worshipped Trog.
Trog was extremely pleased with you.
You were not hungry.

You visited 1 branch You collected 17 gold pieces.

Inventory:

Hand Weapons
 a - a +0 hand axe (weapon)
Armour
 b - a +0 animal skin (worn)
Scrolls
 i - a scroll of blinking
Potions
 e - a potion of heal wounds
 f - a potion of haste
 g - 3 potions of magic
 h - a potion of berserk rage
Comestibles
 c - a ration


   Skills:
 + Level 13.6 Fighting
 + Level 13.8 Axes
 + Level 7.2 Armour
 + Level 7.8 Dodging
 + Level 1.2 Stealth


You had 7 spell levels left.
You didn't know any spells.

Dungeon Overview and Level Annotations

Branches:
Dungeon (1/1)

Altars:


Innate Abilities, Weirdness & Mutations

You reflexively headbutt those who attack you in melee.
You have a pair of horns on your head.


Message History

The orc priest looks encouraged for a moment.
The orc warrior completely misses you.
Unknown command.
You slash the orc warrior!
You kill the orc warrior!
Trog accepts your kill.
You hit the orc warrior but do no damage.
You feel sick.
The orc warrior hits you from afar with a trident.
* * * LOW HITPOINT WARNING * * *
The orc wizard gestures wildly while chanting.
The orc wizard blinks!
You hit the orc warrior but do no damage.
You headbutt the orc warrior!
The orc warrior is heavily wounded.
You slash the orc!
You kill the orc!
Trog accepts your kill. The orc warrior hits you with a flail!
You die...

▓▓▓ ▓ ▓ ♣.# ## $#$# ♣♣.#
##$##$$$. ..# #$$.o....
♣♣♣.###+#+###+##$.......
.♣..#..........#oo......
♣...'.⌠........#)#oo#
≈...#...######'#@oo$#
....#.⌠.# #...#§#####
....#...# #...#§§§≈≈+
....#+### #...#.#≈§§#
....# #...'.#.§§# ....#
+...#.# §§# ▓▓▓▓▓
▓▓▓▓▓▓▓ ▓▓


You could see an orc knight, 2 orc warriors, 2 orc priests, an orc wizard and an
orc.

Vanquished Creatures
  Josephine (D)
  A shadow (D)
  2 orc warriors (D)
  A water elemental (D)
  A scorpion (D)
  2 orc priests (D)
  A jelly (D)
  An orc wizard (D)
  Jessica (D)
  A human (D)
  5 orcs (D)
  3 rats (D)
20 creatures vanquished.

Vanquished Creatures (others)
  2 draconian scorchers (D)
  A hydra (D)
  6 hellions (D)
  2 yaktaurs (D)
  3 plants (D)
14 creatures vanquished.

Grand Total: 34 creatures vanquished

Notes
Turn   | Place    | Note
-------+----------+-------------------------------------------
     0 | D        | Fang the Minotaur Berserker began the quest for the Orb.
     0 | D        | Reached XP level 1. HP: 19/19 MP: 0/0
    98 | D        | Killed a hellion
    98 | D        | Killed a hellion
   119 | D        | Killed a hellion
   121 | D        | Killed a seven-headed hydra
   140 | D        | Noticed Jessica
   141 | D        | Reached ** piety under Trog
   143 | D        | Killed Jessica
   143 | D        | Reached skill level 5 in Fighting
   143 | D        | Reached skill level 5 in Axes
   143 | D        | Reached XP level 2. HP: 30/30 MP: 1/1
   154 | D        | Killed a white draconian scorcher
   156 | D        | Killed a hellion
   157 | D        | Killed a hellion
   172 | D        | Reached XP level 3. HP: 23/37 MP: 2/2
   181 | D        | Killed a yaktaur
   207 | D        | Killed a hellion
   207 | D        | Killed a white draconian scorcher
   287 | D        | Noticed a scorpion
   297 | D        | Killed a scorpion
   297 | D        | Reached *** piety under Trog
   297 | D        | Reached XP level 4. HP: 13/47 MP: 3/3
   567 | D        | Noticed a water elemental
   573 | D        | Killed a water elemental
   573 | D        | Reached XP level 5. HP: 50/56 MP: 4/4
   599 | D        | Killed a yaktaur
   693 | D        | Noticed a shadow
   699 | D        | Killed a shadow
   699 | D        | Reached skill level 10 in Fighting
   699 | D        | Reached skill level 10 in Axes
   699 | D        | Reached skill level 5 in Armour
   699 | D        | Reached skill level 5 in Dodging
   699 | D        | Reached XP level 6. HP: 16/66 MP: 5/5
   699 | D        | HP: 2/99 [acid (9)]
  1007 | D        | Noticed an orc warrior
  1007 | D        | Noticed an orc knight
  1007 | D        | Noticed an orc warrior
  1009 | D        | Noticed Josephine
  1016 | D        | Killed an orc warrior
  1016 | D        | Reached **** piety under Trog
  1017 | D        | Noticed an orc warrior
  1020 | D        | Noticed an orc warrior
  1020 | D        | Killed Josephine
  1020 | D        | Received a gift from Trog
  1020 | D        | Reached skill level 1 in Stealth
  1020 | D        | Reached XP level 7. HP: 79/79 MP: 6/6
  1020 | D        | Reached XP level 8. HP: 86/86 MP: 7/7
  1024 | D        | Reached ***** piety under Trog
  1033 | D        | Slain by an orc warrior

Skill      XL: |  1  2  3  4  5  6 |
---------------+-------------------+-----
Fighting       | 5 6 7 8 10 13 | 13.6
Axes           | 5 6 7 8 10 13 | 13.8
Armour         | 3 4 5 7 |  7.2
Dodging        | 3 4 5 7 |  7.8
Stealth        | 1 |  1.2

Action                   |  1- 3 |  4- 6 |  7- 9 || total
-------------------------+-------+-------+-------++-------
Melee: Hand axe          |    22 |    15 |     9 ||    46
       Headbutt          |     4 |     5 |     4 ||    13
Invok: Berserk           |       |     3 |       ||     3
  Use: Potion            |       |     1 |       ||     1
  Eat: Ration            |       |     1 |       ||     1
Armor: Animal skin       |       |     1 |       ||     1
Dodge: Dodged            |    12 |     6 |     5 ||    23
